 Dungeon Crawl Stone Soup version 0.23.2-1-ga50397a6bc (webtiles) character file.

Game seed: 4420543198525612503

59264 Engwar the Thaumaturge (level 14, -25/148 HPs)
             Began as a Gnoll Warper on May 27, 2019.
             Was the Champion of Hepliaklqana.
             Killed from afar by a blizzard demon (27 damage)
             ... with a bolt of lightning
             ... in a Gauntlet on May 28, 2019.
             The game lasted 01:47:10 (23772 turns).

Engwar the Thaumaturge (Gnoll Warper)              Turns: 23772, Time: 01:47:10

Health: -25/148    AC: 27    Str: 22    XL:     14   Next: 94%
Magic:  25/25      EV:  2    Int: 18    God:    Hepliaklqana [******]
Gold:   1300       SH:  6    Dex: 14    Spells: 24/34 levels left

rFire    . . .     SeeInvis .   a - +3 whip (elec)
rCold    + . .     Gourm    .   t - +0 buckler
rNeg     + + +     Faith    .   (armour currently unavailable)
rPois    +         Spirit   .   (helmet currently unavailable)
rElec    .         Reflect  .   (cloak currently unavailable)
rCorr    .         Harm     .   (gloves currently unavailable)
MR       +....     NoTele   +   (boots currently unavailable)
Stlth    ++++......             (no amulet)
HPRegen  0.34/turn              B - ring of wizardry
MPRegen  0.19/turn              j - ring of protection from cold

@: mighty, tree-form
A: distributed training, reduced essence, low mp 1, strong nose
a: Recall Ancestor, Ancestor Identity, Transference, Idealise, Renounce Religion


You were in a Gauntlet.
You worshipped Hepliaklqana.
Hepliaklqana was exalted by your worship.
You were not hungry.
You were a tree.
You visited 3 branches of the dungeon, and saw 20 of its levels.
You also visited: Gauntlet.

You collected 1300 gold pieces.

Inventory:

Hand Weapons
 a - a +3 whip of electrocution (weapon)
 b - a +0 hunting sling of velocity
 y - the +3 falchion of the Tent {slice, rF+}
   (You found it on level 7 of the Dungeon)

   It inflicts extra damage upon your enemies.
   It protects you from fire.
Missiles
 e - 5 tomahawks of dispersal (quivered)
 i - 127 sling bullets
 S - 2 tomahawks
Armour
 m - a +3 crystal plate armour (melded)
 o - a scarf of repulsion (melded)
 s - a +1 pair of boots (melded)
 t - a +0 buckler (worn)
 Q - a +2 pair of gloves (melded)
Jewellery
 c - an uncursed ring of flight
 j - a ring of protection from cold (right branch)
 n - an uncursed ring of poison resistance
 B - a ring of wizardry (left branch)
 O - an uncursed ring of resist corrosion
Wands
 h - a wand of flame (9)
 k - a wand of acid (3)
 r - a wand of polymorph (23)
 u - a wand of enslavement (30)
 G - a wand of iceblast (11)
 K - a wand of disintegration (5)
Scrolls
 d - 3 scrolls of blinking
 g - a scroll of fog
 q - 9 scrolls of teleportation
 w - 5 scrolls of remove curse
 A - 4 scrolls of magic mapping
 L - 4 scrolls of identify
 M - 2 scrolls of fear
 N - 4 scrolls of amnesia
Potions
 l - 2 potions of lignification
 p - a potion of magic
 v - 2 potions of brilliance
 x - a potion of cancellation
 z - 4 potions of flight
 H - a potion of might
 J - a potion of resistance
 P - a potion of curing
 R - a potion of ambrosia
 U - 2 potions of mutation
Miscellaneous
 D - a phial of floods
 E - a fan of gales
 F - a lamp of fire
 I - a lightning rod (4/4)
Comestibles
 f - 34 rations


   Skills:
 + Level 10.5 Fighting
 + Level 9.5 Short Blades
 + Level 9.5 Long Blades
 + Level 9.5 Axes
 + Level 10.5 Maces & Flails
 + Level 9.5 Polearms
 + Level 9.5 Staves
 + Level 9.5 Slings
 + Level 9.5 Bows
 + Level 9.5 Crossbows
 + Level 9.8 Throwing
 + Level 9.8 Armour
 + Level 10.5 Dodging
 + Level 9.5 Stealth
 + Level 9.5 Shields
 + Level 9.5 Unarmed Combat
 + Level 10.6 Spellcasting
 + Level 7.9 Conjurations
 + Level 7.9 Hexes
 + Level 7.9 Charms
 + Level 7.9 Summonings
 + Level 7.9 Necromancy
 + Level 9.7 Translocations
 + Level 7.9 Transmutations
 + Level 7.9 Fire Magic
 + Level 7.9 Ice Magic
 + Level 7.9 Air Magic
 + Level 7.9 Earth Magic
 + Level 7.9 Poison Magic
 + Level 10.3 Invocations
 + Level 9.5 Evocations


You had 24 spell levels left.
You knew the following spells:

 Your Spells              Type           Power        Failure   Level  Hunger
a - Blink                 Tloc           N/A          1%          2    None
b - Shroud of Golubria    Chrm/Tloc      #####.....   1%          2    None
c - Lesser Beckoning      Tloc           #####.....   1%          3    None
d - Gell's Gravitas       Tloc           #####.....   1%          3    None

Your spell library contained the following spells:

 Spells                   Type           Power        Failure   Level  Hunger
 Poisonous Vapours        Pois/Air       #####.       1%          2    None
 Recall                   Summ/Tloc      N/A          1%          3    None
 Spider Form              Tmut/Pois      #####.....   1%          3    None
 Teleport Other           Tloc           #####...     1%          3    None
 Animate Dead             Necr           N/A          1%          4    ##.....
 Passage of Golubria      Tloc           N/A          1%          4    ##.....
 Alistair's Intoxication  Tmut/Pois      #####...     3%          5    #####..
 Bolt of Draining         Conj/Necr      #####.....   3%          5    #####..
 Borgnjor's Vile Clutch   Necr/Erth      #####.....   3%          5    #####..
 Silence                  Hex/Air        #####.....   3%          5    #####..
 Bolt of Fire             Conj/Fire      #####.....   17%         6    ######.
 Death Channel            Necr           #####.....   17%         6    ######.
 Simulacrum               Ice/Necr       #####.....   17%         6    ######.
 Tornado                  Air            #####.....   100%        9    #######


Dungeon Overview and Level Annotations

Branches:
Dungeon (13/15)            Temple (0/1) D:6            Lair (6/6) D:9
 Shoals (0/4) Lair:3       Spider (0/4) Lair:4        Slime (0/5) Lair:5
    Orc (1/2) D:12         Vaults (0/5) D:13

Altars:
Dithmenos
Fedhas
Hepliaklqana
Kikubaaqudgha
Nemelex Xobeh
Okawaru
Qazlal
Trog
Vehumet
Xom

Portals:
Trove: D:13 (give +2 shadow dragon scales)

Annotations:
D:6 Prince Ribbit, Sigmund
Lair:5 exclusion: 2 oklob plants Gauntlet 6 transporters


Innate Abilities, Weirdness & Mutations

Your experience applies equally to all skills.
((You have very sharp teeth.))
Your uncanny sense of smell can sniff out nearby items.
Your life essence is reduced to manifest your ancestor. (-10% HP)
Your magical capacity is low. (-10% MP)


Message History

Unknown command.
Unknown command.
Unknown command.
You closely miss the blizzard demon.
The blizzard demon is heavily wounded.
You whack the blizzard demon!
The blizzard demon is severely wounded.
The blizzard demon hits you but does no damage.
You block the blizzard demon's attack.
You barely miss the blizzard demon.
The blizzard demon is severely wounded.
You block the blizzard demon's attack.
The blizzard demon hits you but does no damage.
You hit the blizzard demon.
The blizzard demon is severely wounded.
You hit the blizzard demon.
The blizzard demon is severely wounded.
The blizzard demon gestures at you. The bolt of lightning hits you!!
You die...

.#=.#.©..Zs#.#R≈..©.≈..#...#...∆
.#######################...###
.....#©...........©#.....§....
.....#######.#######....≈8≈...
###........#.#...........≈....
#8#........#.###########...###
#########..#.#.........#...#..
#8#..#.#.........#...#.#
###..#.#..♣.....:#..
#..#.#..2......#..
#..#©#....©...©#..
#8#..###........(#..
###....#........=#..
#....#.........#..
###..#.........#..
#8#..###########..
###........#©#....


You could see a blizzard demon.

Vanquished Creatures
  Nessos (Lair:6)
  A vault guard (D:12)
  2 hydras
  A catoblepas (Lair:6)
  A deep troll shaman (Lair:6)
  3 two-headed ogres
  5 death yaks
  Sonja (D:12)
  2 unseen horrors (D:10)
  A wizard (Gauntlet)
  A deep elf mage (D:13)
  2 manticores
  An ugly thing (D:10)
  A cyclops (D:13)
  A shining eye (Gauntlet)
  10 elephants
  A merfolk siren (Lair:3)
  3 black mambas
  9 spiny frogs
  An ice devil (Gauntlet)
  4 komodo dragons
  A meliai (Lair:4)
  3 trolls
  2 polar bears (Lair:6)
  2 slime creatures
  17 blink frogs
  6 hippogriffs
  4 dream sheep (Lair:4)
  38 yaks
  A human (D:11)
  A vampire (D:12)
  2 wyverns
  A wraith (D:7)
  3 hogs (D:11)
  A steam dragon (Lair:4)
  2 basilisks
  A hungry ghost (D:10)
  3 vampire mosquitoes (D:12)
  Menkaure (D:6)
  An acid dragon (D:7)
  Purgy (D:4)
  6 water moccasins
  6 orc warriors
  4 porcupines
  A hornet zombie (D:10)
  2 ice beasts
  3 sky beasts
  2 black bears
  2 phantoms (D:5)
  8 ogres
  28 wolves
  2 centaurs
  13 crocodiles
  3 big kobolds
  A gnoll sergeant (D:6)
  13 bullfrogs
  3 scorpions
  A hexer (D:12)
  2 wyvern skeletons (D:7)
  34 killer bees
  4 wights
  3 howler monkeys
  4 crimson imps
  4 jellies
  A quasit (D:10)
  A centaur zombie (D:5)
  3 hounds (D:7)
  4 centaur skeletons
  8 orc priests
  4 bullfrog skeletons
  3 iguanas
  10 orc wizards
  2 hell rats (Lair:5)
  9 worker ants
  3 hound zombies
  A hound skeleton (D:10)
  8 gnolls
  9 adders
  4 shadow imps
  2 white imps (Gauntlet)
  An adder zombie (D:7)
  An ooze (D:7)
  An adder skeleton (D:5)
  A worm (D:2)
  4 leopard geckos
  32 orcs
  7 bats
  5 giant cockroaches
  7 hobgoblins
  4 jackals
  20 kobolds
  4 quokkas
  5 frilled lizards (D:1)
  7 goblins
  A leopard gecko skeleton (D:4)
  8 rats
472 creatures vanquished.

Vanquished Creatures (collateral kills)
  A dire elephant (Lair:6)
  2 death yaks
  An orb spider (Lair:4)
  An elephant (Lair:6)
  2 black mambas (Lair:5)
  A torpor snail (Lair:6)
  A spiny frog (Lair:4)
  A kobold demonologist (D:13)
  A troll (D:10)
  9 blink frogs
  2 dream sheep (Lair:4)
  A slime creature (Lair:5)
  A shadow (D:7)
  7 yaks
  2 basilisks
  A hog (D:11)
  A hungry ghost (D:7)
  6 water moccasins
  A porcupine (Lair:3)
  A floating eye (Gauntlet)
  An orc warrior (D:8)
  2 ogres
  A centaur (D:7)
  9 wolves
  2 crocodiles
  3 bullfrogs
  A scorpion (D:11)
  2 killer bees
  A quasit (D:13)
  A bullfrog skeleton (D:4)
  An orc priest (D:7)
  An orc wizard (D:8)
  A gnoll (D:6)
  An adder (D:4)
  An adder skeleton (D:9)
  A leopard gecko (D:11)
  6 orcs
  A giant cockroach (D:6)
  2 jackals (D:6)
  3 kobolds
  2 quokkas (D:7)
  A leopard gecko zombie (D:3)
87 creatures vanquished.

Vanquished Creatures (others)
  17 hexers
  2 ancestors
  9 fungi
  5 plants
33 creatures vanquished.

Grand Total: 592 creatures vanquished

Notes
Turn   | Place    | Note
-------+----------+-------------------------------------------
     0 | D:1      | Engwar the Gnoll Warper began the quest for the Orb.
     0 | D:1      | Reached XP level 1. HP: 20/20 MP: 6/6
   153 | D:1      | Reached XP level 2. HP: 26/26 MP: 7/7
   157 | D:1      | Learned a level 2 spell: Blink
   698 | D:2      | Reached XP level 3. HP: 23/31 MP: 9/9
   734 | D:2      | Reached skill level 5 in Spellcasting
   912 | D:2      | Reached skill level 1 in Invocations
  1066 | D:2      | Reached skill level 1 in Short Blades
  1066 | D:2      | Reached skill level 1 in Long Blades
  1066 | D:2      | Reached skill level 1 in Axes
  1066 | D:2      | Reached skill level 1 in Polearms
  1066 | D:2      | Reached skill level 1 in Staves
  1066 | D:2      | Reached skill level 1 in Slings
  1066 | D:2      | Reached skill level 1 in Bows
  1066 | D:2      | Reached skill level 1 in Crossbows
  1066 | D:2      | Reached skill level 1 in Stealth
  1066 | D:2      | Reached skill level 1 in Shields
  1066 | D:2      | Reached skill level 1 in Unarmed Combat
  1066 | D:2      | Reached skill level 1 in Evocations
  1213 | D:2      | Found a hazy altar of Hepliaklqana.
  1214 | D:2      | Found an ancient bone altar of Kikubaaqudgha.
  1234 | D:2      | Became a worshipper of Hepliaklqana the Forgotten
  1255 | D:2      | Reached XP level 4. HP: 34/34 MP: 11/11
  1801 | D:3      | Reached skill level 1 in Conjurations
  1801 | D:3      | Reached skill level 1 in Hexes
  1801 | D:3      | Reached skill level 1 in Charms
  1801 | D:3      | Reached skill level 1 in Summonings
  1801 | D:3      | Reached skill level 1 in Necromancy
  1801 | D:3      | Reached skill level 1 in Transmutations
  1801 | D:3      | Reached skill level 1 in Fire Magic
  1801 | D:3      | Reached skill level 1 in Ice Magic
  1801 | D:3      | Reached skill level 1 in Air Magic
  1801 | D:3      | Reached skill level 1 in Earth Magic
  1801 | D:3      | Reached skill level 1 in Poison Magic
  1838 | D:3      | Noticed a centaur
  1845 | D:3      | Killed a centaur
  1845 | D:3      | Reached XP level 5. HP: 25/38 MP: 12/12
  1966 | D:3      | Reached * piety under Hepliaklqana
  2291 | D:4      | Reached XP level 6. HP: 32/45 MP: 13/13
  2405 | D:4      | Reached skill level 5 in Fighting
  2405 | D:4      | Reached skill level 5 in Maces & Flails
  2405 | D:4      | Reached skill level 5 in Dodging
  2623 | D:4      | Noticed Purgy
  2631 | D:4      | Killed Purgy
  2631 | D:4      | Reached XP level 7. HP: 42/50 MP: 15/15
  2657 | D:4      | Reached ** piety under Hepliaklqana
  2658 | D:4      | Remembered your ancestor Imgur-Sin as a hexer
  2873 | D:5      | Entered Level 5 of the Dungeon
  3608 | D:5      | Reached XP level 8. HP: 56/56 MP: 16/16
  3630 | D:5      | Found a stormy altar of Qazlal.
  3661 | D:5      | Found a radiant altar of Vehumet.
  3783 | D:6      | Noticed Prince Ribbit
  4049 | D:6      | Found a staircase to the Ecumenical Temple.
  4187 | D:6      | Noticed Sigmund
  4269 | D:6      | Noticed Menkaure
  4274 | D:6      | Killed Menkaure
  4572 | D:7      | Found an iron altar of Okawaru.
  4580 | D:7      | Reached *** piety under Hepliaklqana
  4587 | D:7      | Got a transparent falchion
  4602 | D:7      | Identified the +3 falchion of the Tent {slice, rF+} (You
                  | found it on level 7 of the Dungeon)
  4681 | D:7      | Reached XP level 9. HP: 37/62 MP: 18/18
  5264 | D:7      | Reached skill level 5 in Throwing
  5264 | D:7      | Reached skill level 5 in Armour
  5270 | D:7      | Found a blossoming altar of Fedhas.
  5285 | D:7      | Found a sparkling altar of Nemelex Xobeh.
  5619 | D:7      | Identified the Reference Book on Flames and Flight
  5940 | D:7      | Reached skill level 5 in Invocations
  6201 | D:8      | Reached XP level 10. HP: 67/69 MP: 20/20
  6759 | D:8      | Found a shimmering altar of Xom.
  6851 | D:8      | Reached **** piety under Hepliaklqana
  6862 | D:8      | Reached skill level 5 in Short Blades
  6862 | D:8      | Reached skill level 5 in Long Blades
  6862 | D:8      | Reached skill level 5 in Axes
  6862 | D:8      | Reached skill level 5 in Polearms
  6862 | D:8      | Reached skill level 5 in Staves
  6862 | D:8      | Reached skill level 5 in Slings
  6862 | D:8      | Reached skill level 5 in Bows
  6862 | D:8      | Reached skill level 5 in Crossbows
  6862 | D:8      | Reached skill level 5 in Stealth
  6862 | D:8      | Reached skill level 5 in Shields
  6862 | D:8      | Reached skill level 5 in Unarmed Combat
  6862 | D:8      | Reached skill level 5 in Evocations
  7291 | D:9      | Found a staircase to the Lair.
  7356 | D:9      | Found a shadowy altar of Dithmenos.
  7384 | D:9      | Noticed a six-headed hydra
  7394 | D:9      | Killed a six-headed hydra
  7421 | D:9      | Noticed a two-headed ogre
  7427 | D:9      | Killed a two-headed ogre
  7523 | D:9      | Found a bloodstained altar of Trog.
  8112 | D:10     | Entered Level 10 of the Dungeon
  8124 | D:10     | Reached XP level 11. HP: 74/75 MP: 22/22
  8696 | D:10     | Reached skill level 5 in Conjurations
  8696 | D:10     | Reached skill level 5 in Hexes
  8696 | D:10     | Reached skill level 5 in Charms
  8696 | D:10     | Reached skill level 5 in Summonings
  8696 | D:10     | Reached skill level 5 in Necromancy
  8696 | D:10     | Reached skill level 5 in Transmutations
  8696 | D:10     | Reached skill level 5 in Fire Magic
  8696 | D:10     | Reached skill level 5 in Ice Magic
  8696 | D:10     | Reached skill level 5 in Air Magic
  8696 | D:10     | Reached skill level 5 in Earth Magic
  8696 | D:10     | Reached skill level 5 in Poison Magic
  8813 | D:10     | Killed an unseen horror
  9193 | D:10     | Noticed a two-headed ogre
  9202 | D:10     | Killed a two-headed ogre
  9532 | D:11     | Noticed a white ugly thing
  9538 | D:11     | Noticed a manticore
  9552 | D:10     | Killed a white ugly thing
  9807 | D:11     | Noticed a manticore
  9815 | D:10     | Killed a manticore
  9994 | D:11     | Noticed a two-headed ogre
 10005 | D:11     | HP: 3/77 [two-headed ogre/+0 giant club (24)]
 10005 | D:11     | HP: 1/77 [two-headed ogre/+0 giant club (2)]
 10008 | D:11     | Killed a two-headed ogre
 10441 | D:10     | Killed an unseen horror
 10495 | D:11     | Killed a manticore
 10495 | D:11     | Reached XP level 12. HP: 61/83 MP: 24/24
 11065 | Lair:1   | Entered Level 1 of the Lair of Beasts
 11863 | Lair:1   | Reached ***** piety under Hepliaklqana
 13239 | Lair:3   | Found a staircase to the Shoals.
 13787 | Lair:4   | Reached XP level 13. HP: 32/90 MP: 26/26
 14967 | Lair:4   | Found a hole to the Spider Nest.
 17204 | Lair:5   | Found a staircase to the Slime Pits.
 17258 | Lair:5   | Learned a level 2 spell: Shroud of Golubria
 18138 | Lair:5   | Reached ****** piety under Hepliaklqana
 18353 | Lair:5   | Reached skill level 10 in Spellcasting
 18515 | Lair:5   | Reached XP level 14. HP: 98/98 MP: 28/28
 19490 | Lair:5   | Reached skill level 10 in Fighting
 19490 | Lair:5   | Reached skill level 10 in Maces & Flails
 19490 | Lair:5   | Reached skill level 10 in Dodging
 20071 | Lair:6   | Entered Level 6 of the Lair of Beasts
 20073 | Lair:6   | Noticed Nessos
 20397 | Lair:6   | Killed Nessos
 21253 | Lair:6   | Reached skill level 10 in Invocations
 21719 | Lair:6   | Noticed a dire elephant
 21749 | Lair:6   | Killed a dire elephant
 21938 | Lair:6   | Identified the Collected Works on Poisonous Black Arts
 22498 | D:12     | Found a staircase to the Orcish Mines.
 22612 | D:12     | Noticed Sonja
 22625 | D:12     | Killed Sonja
 23256 | D:13     | Found a portal to a secret trove of treasure.
 23372 | D:13     | Found a gate to the Vaults.
 23454 | Orc:1    | Entered Level 1 of the Orcish Mines
 23493 | D:13     | Found a gate leading to a gauntlet.
 23505 | Gauntlet | Entered a Gauntlet
 23505 | Gauntlet | Found a transporter.
 23505 | Gauntlet | Found a transporter.
 23510 | Gauntlet | Found a transporter.
 23510 | Gauntlet | Found a transporter.
 23516 | Gauntlet | Found a transporter.
 23540 | Gauntlet | Found a transporter.
 23560 | Gauntlet | Found a transporter.
 23579 | Gauntlet | Gained mutation: Your magical capacity is low. (-10% MP) [a
                  | shining eye]
 23595 | Gauntlet | Paralysed by a floating eye for 4 turns
 23606 | Gauntlet | Found a transporter.
 23685 | Gauntlet | Found a transporter.
 23699 | Gauntlet | Found a transporter.
 23711 | Gauntlet | Learned a level 3 spell: Lesser Beckoning
 23715 | Gauntlet | Learned a level 3 spell: Gell's Gravitas
 23719 | Gauntlet | Found a transporter.
 23767 | Gauntlet | HP: 1/148 [blizzard demon/bolt of cold (12)]
 23772 | Gauntlet | Killed from afar by a blizzard demon

Skill      XL: |  1  2  3  4  5  6  7  8  9 10 11 12 13 14 |
---------------+-------------------------------------------+-----
Spellcasting   | 5 6 7 8 9 10 | 10.6
Invocations    | 1 2 3 4 5 6 7 8 9 10 | 10.3
Short Blades   | 1 2 3 4 5 6 7 8 9 |  9.5
Long Blades    | 1 2 3 4 5 6 7 8 9 |  9.5
Axes           | 1 2 3 4 5 6 7 8 9 |  9.5
Polearms       | 1 2 3 4 5 6 7 8 9 |  9.5
Staves         | 1 2 3 4 5 6 7 8 9 |  9.5
Slings         | 1 2 3 4 5 6 7 8 9 |  9.5
Bows           | 1 2 3 4 5 6 7 8 9 |  9.5
Crossbows      | 1 2 3 4 5 6 7 8 9 |  9.5
Stealth        | 1 2 3 4 5 6 7 8 9 |  9.5
Shields        | 1 2 3 4 5 6 7 8 9 |  9.5
Unarmed Combat | 1 2 3 4 5 6 7 8 9 |  9.5
Evocations     | 1 2 3 4 5 6 7 8 9 |  9.5
Conjurations   | 1 2 3 4 5 6 7 |  7.9
Hexes          | 1 2 3 4 5 6 7 |  7.9
Charms         | 1 2 3 4 5 6 7 |  7.9
Summonings     | 1 2 3 4 5 6 7 |  7.9
Necromancy     | 1 2 3 4 5 6 7 |  7.9
Transmutations | 1 2 3 4 5 6 7 |  7.9
Fire Magic     | 1 2 3 4 5 6 7 |  7.9
Ice Magic      | 1 2 3 4 5 6 7 |  7.9
Air Magic      | 1 2 3 4 5 6 7 |  7.9
Earth Magic    | 1 2 3 4 5 6 7 |  7.9
Poison Magic   | 1 2 3 4 5 6 7 |  7.9
Throwing       | 3 4 5 6 7 8 9 |  9.8
Armour         | 3 4 5 6 7 8 9 |  9.8
Fighting       | 5 6 7 8 9 10 | 10.5
Maces & Flails | 5 6 7 8 9 10 | 10.5
Dodging        | 5 6 7 8 9 10 | 10.5
Translocations | 6 7 8 9 |  9.7

Action                   |  1- 3 |  4- 6 |  7- 9 | 10-12 | 13-15 || total
-------------------------+-------+-------+-------+-------+-------++-------
Melee: Mace              |    15 |       |       |       |       ||    15
       Whip              |   167 |   149 |   356 |   816 |  1272 ||  2760
       Bite              |    15 |    11 |    45 |    84 |   171 ||   326
       Punch             |       |       |     2 |    11 |    28 ||    41
       Unarmed           |       |       |     7 |       |       ||     7
Invok: Ancestor Identity |       |     1 |       |       |       ||     1
       Ancestor Life: He |       |       |     1 |       |       ||     1
       Recall Ancestor   |       |       |     1 |     2 |     3 ||     6
 Abil: Evoke Flight      |       |       |       |       |     1 ||     1
Evoke: Wand              |       |       |       |     6 |     9 ||    15
       Lightning rod     |       |       |       |     4 |     2 ||     6
  Use: Scroll            |       |     7 |     8 |    15 |     7 ||    37
       Potion            |       |     1 |       |     4 |     7 ||    12
 Stab: Distracted        |       |       |     4 |     5 |    10 ||    19
       Confused          |       |       |       |     9 |    14 ||    23
       Paralysed         |       |       |       |       |     6 ||     6
  Eat: Chunk             |     1 |     5 |     7 |    16 |    12 ||    41
       Ration            |       |       |     2 |     4 |     6 ||    12
Armor: Leather armour    |    11 |       |       |       |       ||    11
       Crystal plate arm |   129 |   169 |   244 |   644 |   921 ||  2107
       Skin              |       |       |       |       |     2 ||     2
Dodge: Dodged            |    38 |     9 |    35 |   149 |   314 ||   545
       Deflected         |       |       |     2 |     3 |     5 ||    10
Block: Shield            |     8 |       |       |       |       ||     8
       Buckler           |       |       |       |       |    72 ||    72
